Map: [ESL] Hard Lead

Players

Maplez

  • Race: Protoss Protoss
  • Spawn Location: 11:00

HeroMarine - Winner!

  • Race: Terran Terran
  • Spawn Location: 5:00

Event: ESL SC2 Masters 2023 Winter (Finals)

VOD

Have the link to the VOD?

Description

Time

  • Played on: Dec. 15, 2023, 2:17 p.m.
  • Length: 9:42

All games in this series

Show
View Real Time Build Order
Export as new Build Order

Maplez Protoss 

Build Orders: 1 Gate Expand, Phoenix Opening 

Get SALT Encoding   

  12  0:00  Probe  
  13  0:12  Probe  
  14  0:17  Pylon  
  14  0:24  Probe (Chrono Boost)  
  15  0:36  Gateway, Probe (Chrono Boost)  
  16  0:43  Probe (Chrono Boost)  
  16  0:46  Assimilator  
  17  0:51  Probe  
  18  1:03  Probe  
  19  1:15  Probe  
  20  1:23  Cybernetics Core  
  20  1:32  Nexus  
  20  1:42  Pylon  
  20  1:45  Probe  
  21  1:50  Assimilator  
  21  1:57  Probe, Adept (Chrono Boost)  
  23  2:09  Probe  
  23  2:15  Stargate  
  24  2:18  Adept (Chrono Boost)  
  24  2:22  Probe  
  27  2:29  Warp Gate  
  27  2:34  Probe  
  28  2:44  Adept  
  28  2:48  Probe (Chrono Boost)  
  28  2:51  Probe (Chrono Boost)  
  32  2:57  Probe (Chrono Boost)  
  34  3:00  Probe (Chrono Boost), Phoenix (Chrono Boost)  
  34  3:03  Shield Battery, Probe  
  37  3:10  Probe  
  39  3:22  Phoenix (Chrono Boost)  
  39  3:23  Shield Battery, Probe  
  39  3:26  Probe  
  42  3:35  Probe  
  42  3:37  Pylon  
  42  3:38  Probe  
  44  3:41  Phoenix (Chrono Boost)  
  44  3:46  Assimilator  
  46  3:49  Assimilator  
  46  3:55  Probe x2  
  46  3:57  Robotics Facility  
  48  4:06  Pylon  
  48  4:08  Probe x2  
  50  4:12  Phoenix (Chrono Boost)  
  52  4:20  Pylon, Probe x2  
  54  4:32  Probe x2  
  54  4:33  Phoenix  
  58  4:38  Gateway  
  58  4:44  Probe  
  61  4:48  Immortal (Chrono Boost), Stalker  
  65  4:55  Shield Battery  
  65  5:13  Stalker  
  55  5:25  Immortal  
  55  5:27  Phoenix  
  61  5:28  Pylon x2  
  61  5:29  Probe  
  61  5:35  Stalker  
  64  5:39  Stalker  
  64  5:47  Robotics Bay  
  64  5:48  Gateway  
  64  5:50  Gateway  
  62  6:00  Phoenix (Chrono Boost)  
  62  6:01  Stalker  
  60  6:08  Immortal (Chrono Boost), Probe  
  65  6:13  Probe  
  65  6:22  Stalker  
  67  6:28  Gateway x2  
  67  6:31  Sentry  
  69  6:37  Colossus (Chrono Boost)  
  69  6:46  Stalker  
  69  6:47  Stalker  
  79  6:48  Sentry, Pylon  
  81  6:56  Stalker  
  81  6:59  Phoenix  
  85  7:01  Extended Thermal Lance (Chrono Boost)  
  85  7:08  Gateway  
  85  7:18  Pylon  
  85  7:20  Stalker x2  
  83  7:24  Phoenix  
  85  7:36  Pylon  
  85  7:39  Pylon  
  85  7:40  Pylon x2  
  85  7:41  Pylon  
  85  7:56  Stalker x2  
  85  7:57  Stalker x2  
  85  7:58  Gateway  
  93  8:05  Stalker x2  
  99  8:22  Adept x2  
  99  8:23  Stalker  
  105  8:28  Stalker  
  105  8:29  Sentry  
  94  8:55  Stalker  
  94  8:56  Stalker x3  
  67  9:16  Zealot  
Show
View Real Time Build Order
Export as new Build Order

HeroMarine Terran - Winner!

Build Orders: Cyclone Opening 

Get SALT Encoding   

  12  0:00  SCV  
  13  0:12  SCV  
  14  0:16  Supply Depot  
  14  0:24  SCV  
  15  0:38  SCV  
  15  0:40  Barracks  
  16  0:42  Refinery  
  16  0:50  SCV  
  16  0:53  Refinery  
  17  1:02  SCV  
  18  1:14  SCV  
  19  1:27  Orbital Command, Reaper, Supply Depot  
  20  1:42  Factory  
  20  1:53  SCV  
  21  2:00  Barracks Reactor  
  21  2:05  SCV  
  22  2:17  SCV  
  22  2:20  Command Center  
  23  2:29  Cyclone, SCV  
  26  2:40  Starport  
  26  2:41  SCV  
  27  2:48  Supply Depot  
  27  2:53  SCV  
  30  3:04  Widow Mine  
  30  3:05  SCV  
  30  3:10  Marine x2  
  33  3:18  SCV  
  33  3:19  Medivac  
  38  3:28  Marine  
  38  3:31  Marine  
  38  3:32  SCV  
  40  3:38  Cyclone  
  40  3:44  SCV  
  40  3:45  Marine  
  42  3:49  Liberator, Marine  
  42  3:50  Orbital Command  
  46  3:56  SCV  
  47  4:03  Marine  
  47  4:04  Supply Depot  
  47  4:07  Marine  
  47  4:08  SCV  
  50  4:10  Cyclone  
  50  4:16  SCV  
  53  4:20  SCV  
  54  4:24  Supply Depot  
  54  4:26  Marine x2  
  54  4:28  SCV  
  57  4:32  Starport Tech Lab, SCV  
  57  4:35  Barracks  
  58  4:40  SCV  
  58  4:43  Marine x2  
  58  4:44  SCV  
  62  4:50  Barracks  
  62  4:51  Supply Depot  
  62  4:52  SCV  
  63  4:53  Interference Matrix  
  63  4:55  Raven  
  65  5:00  SCV  
  65  5:02  Marine  
  65  5:03  Marine  
  65  5:04  SCV  
  67  5:12  SCV  
  66  5:16  SCV  
  66  5:20  Marine  
  66  5:21  Marine  
  69  5:24  SCV  
  69  5:27  Engineering Bay  
  70  5:28  SCV, Refinery  
  70  5:29  Barracks Tech Lab  
  70  5:32  Raven, Factory Tech Lab  
  73  5:36  SCV  
  73  5:40  SCV  
  73  5:42  Marine x2  
  71  5:48  SCV  
  72  5:52  SCV  
  71  5:59  Marine  
  71  6:00  SCV, Marine  
  71  6:03  Stimpack  
  72  6:05  SCV  
  72  6:07  Marine  
  72  6:08  Terran Infantry Weapons Level 1  
  72  6:10  Combat Shield, Command Center, Refinery  
  74  6:11  Factory Reactor  
  74  6:14  Marine  
  74  6:16  Supply Depot  
  74  6:17  Marine  
  74  6:18  SCV x2, Marine  
  76  6:21  Starport Reactor  
  76  6:22  Missile Turret  
  76  6:25  Missile Turret, Marine  
  78  6:38  Marauder x2, SCV x2, Marine  
  85  6:43  Barracks  
  85  6:44  Barracks, Marine  
  86  6:47  Factory Reactor  
  86  6:49  Missile Turret  
  86  6:52  Supply Depot  
  86  6:53  Supply Depot  
  86  7:07  Supply Depot x2  
  86  7:14  Marauder x2, Medivac x2  
  86  7:15  SCV x2  
  96  7:18  Marine x2  
  95  7:27  SCV x2, Widow Mine x2  
  101  7:32  Concussive Shells  
  101  7:33  Marauder  
  101  7:34  Barracks Reactor  
  103  7:37  Missile Turret  
  103  7:38  Marauder  
  103  7:39  Marauder, SCV x2  
  103  7:42  Marine x2  
  111  7:45  Orbital Command  
  111  7:48  Medivac x2  
  115  7:51  Widow Mine, SCV  
  115  7:52  Widow Mine  
  115  7:55  SCV  
  115  7:56  Supply Depot  
  121  8:00  Supply Depot  
  121  8:03  SCV, Refinery  
  121  8:04  Refinery  
  121  8:05  Marauder  
  123  8:07  Marauder, SCV  
  123  8:09  Marauder  
  123  8:11  Marine x2  
  123  8:12  Marine x2  
  132  8:13  SCV  
  132  8:15  SCV  
  132  8:19  SCV  
  134  8:21  Armory  
  134  8:23  Engineering Bay  
  134  8:26  Marauder  
  136  8:29  Marauder, Marine x2  
  136  8:30  Marauder, Marine  
  143  8:37  Medivac x2  
  146  8:46  Marine  
  141  8:51  Supply Depot, Marine  
  141  8:52  Marine x2  
  141  8:53  Supply Depot  
  141  8:54  Supply Depot  
  120  9:12  Orbital Command  
  118  9:18  Marauder  
  118  9:20  Marine x2  
  118  9:21  Widow Mine, Marauder  
Tags
 
Add a new tag
Caveats
  • Supply blocks, unpowered buildings, or Contaminate may cause inaccurate times.
  • Supply counts are checked every 10 seconds.